 Dungeon Crawl Stone Soup version 0.31.0-32-g396128a36d (console) character file.

Game seed: 16969662061687237779

174 edwinsage the Slasher (level 5, 0/30 HPs)
             Began as a Tengu Reaver on Mar 30, 2024.
             Slain by an orc wizard
             ... wielding a +0 dagger
              (1 damage)
             ... on level 3 of the Dungeon.
             The game lasted 00:07:57 (2384 turns).

edwinsage the Slasher (Tengu Reaver)                Turns: 2384, Time: 00:07:57

Health: 0/30       AC:  4    Str: 13    XL:     5   Next: 54%
Magic:  7/9        EV: 12    Int: 13    God:
Gold:   62         SH:  0    Dex: 14    Spells: 4/8 levels left

rFire   . . .        a - +0 falchion
rCold   . . .        (no shield)
rNeg    . . .        b - +0 leather armour
rPois   .            (helmet restricted)
rElec   .            h - +0 cloak
rCorr   .            (no gloves)
SInv    +            (boots unavailable)
Will    .....        (no amulet)
Stlth   +            c - ring of see invisible
HPRegen 0.25/turn    (no ring)
MPRegen 0.11/turn

%: acrobat
@: lethally poisoned (0 -> -1), fugue, attractive
A: beak, talons 3, acrobatic
a: no special abilities


You were on level 3 of the Dungeon.
You visited 1 branch of the dungeon, and saw 3 of its levels.

You collected 62 gold pieces.

Inventory:

Hand Weapons
 a - a +0 falchion (weapon)
 n - a +0 triple sword
 s - a +0 long sword
Missiles
 e - 33 stones (quivered)
 o - a poisoned dart
Armour
 b - a +0 leather armour (worn)
 h - a +0 cloak (worn)
 j - a +0 ring mail
Jewellery
 c - a ring of see invisible (left hand)
Talismans
 k - a beast talisman
Scrolls
 d - a scroll of noise {unknown}
 g - 3 scrolls of teleportation {unknown}
 i - 2 scrolls of enchant armour {unknown}
 l - a scroll of identify {unknown}
 m - a scroll of immolation {unknown}
 r - a scroll of fear {unknown}
Potions
 f - a potion of curing {unknown}
 p - a potion of might {unknown}
 q - a potion of attraction


   Skills:
 - Level 2.0 Fighting
 + Level 5.8 Long Blades
 - Level 2.1 Dodging
 - Level 2.0 Spellcasting
 - Level 4.0 Conjurations
 - Level 3.0 Necromancy


You had 4 spell levels left.
You knew the following spells:

 Your Spells              Type           Power      Damage    Failure   Level
a - Kiss of Death         Conj/Necr      40%        2d8       8%          1
z - Fugue of the Fallen   Necr           9%         N/A       28%         3

Your spell library contained the following spells:

 Spells                   Type           Power      Damage    Failure   Level
 Momentum Strike          Conj/Tloc      12%        3d8       22%         2
 Static Discharge         Conj/Air       12%        3-4/arc   22%         2
 Hailstorm                Conj/Ice       6%         3d5       38%         3
 Ensorcelled Hibernation  Hex/Ice        2%         N/A       43%         2
 Anguish                  Hex/Necr       2%         N/A       86%         4
 Airstrike                Air            0%         2d(1-17)  97%         4
 Summon Lightning Spire   Summ/Air       1%         N/A       97%         4


Dungeon Overview and Level Annotations

Branches:
Dungeon (3/15)

Altars:
Hepliaklqana


Innate Abilities, Weirdness & Mutations

You have a beak for a mouth.
You have claws for feet.
You can magically evade attacks while moving or waiting.


Message History

The spell is quite dangerous to miscast (28% risk of failure)!
Continue anyway?
You call out to the remnants of the fallen!
The adder hisses angrily.
The orc shouts!
You hear a shout!
An orc comes into view. It is wielding a +0 club.
The orc shouts!
Unknown command.
The orc moves out of view.
The adder attacks as it pursues you! The adder bites you.
You are poisoned.
The adder poisons you!
You feel sick. The adder attacks as it pursues you!
The adder completely misses you.
You feel sick.
You hit the adder. Your kick misses the adder.
The adder is severely wounded.
You feel sick. The adder bites you. The adder barely misses you.
You hit the adder. Your kick misses the adder.
The adder is severely wounded.
You feel sick. The adder bites you.
You are more poisoned.
The adder poisons you!
You hit the adder but do no damage. Your kick misses the adder.
The adder is severely wounded.
You feel sick. The adder barely misses you.
You hit the adder but do no damage. Your kick misses the adder.
You peck the adder.
You kill the adder!
You feel sick.
You feel sick.
You hit the orc wizard but do no damage.
You feel sick.
The orc wizard hits you but does no damage.
You barely miss the orc wizard.
You feel sick. The orc hits you with a +0 dagger.
The orc wizard casts a spell at you. The magic dart hits you!
* * * LOW HITPOINT WARNING * * *
It was a potion of attraction.
You feel attractive to monsters.
You feel sick. The orc hits you with a +0 dagger.
* * * LOW HITPOINT WARNING * * *
The orc wizard hits you with a +0 dagger.
You die...

....##......##
....##.....##
..........## #........##
####''#### #.....#
#..#### #.##### .#
#.....# ######<##
#####.#######. #oooo...#
#......... #@###....oo.
#.######## #.# #.###o_.
#.# #.# #... . #>#
#<###.#.
#.##########.#...#..
#..............#.####.###
#.##############.........
#.# #.####.### #.#####
###.# .. #.....# #...#.#
#####.########†#...#


You could see an orc wizard and 3 orcs.

Vanquished Creatures
  A scorpion (D:3)
  Terence (D:2)
  3 adders (D:3)
  A dart slug (D:1)
  3 endoplasms
  6 giant cockroaches
  4 goblins
  12 hobgoblins
  3 kobolds
  3 quokkas
  2 ball pythons (D:1)
  4 bats
  3 frilled lizards
  11 rats
57 creatures vanquished.

Notes
Turn   | Place    | Note
-------+----------+-------------------------------------------
     0 | D:1      | edwinsage the Tengu Reaver began the quest for the Orb.
     0 | D:1      | Reached XP level 1. HP: 12/12 MP: 4/4
   263 | D:1      | Reached skill level 1 in Necromancy
   272 | D:1      | Reached XP level 2. HP: 17/17 MP: 6/6
   772 | D:1      | Reached XP level 3. HP: 19/21 MP: 7/7
  1050 | D:2      | Reached skill level 4 in Long Blades
  1299 | D:2      | Learned a level 3 spell: Fugue of the Fallen
  1773 | D:2      | Noticed Terence
  1775 | D:2      | Killed Terence
  1776 | D:2      | Reached XP level 4. HP: 22/25 MP: 6/8
  2027 | D:3      | Noticed a scorpion
  2037 | D:3      | Killed a scorpion
  2038 | D:3      | Reached skill level 5 in Long Blades
  2038 | D:3      | Reached XP level 5. HP: 23/30 MP: 9/9
  2368 | D:3      | Found a hazy altar of Hepliaklqana.
  2384 | D:3      | HP: 1/30 [orc/+0 dagger (2)]
  2384 | D:3      | Slain by an orc wizard

Illustrated notes

Levels and vault maps discovered:
D:1:      dpeg_arrival_ternary, layout_loops_corners,
          amcnicky_mini_corridor_feature
D:2:      layout_loops_corners, minmay_goblin_kobold_house, uniq_terence
D:3:      layout_loops_ring, mainiacjoe_overflow_large_starburst, serial_shops,
          nicolae_shop_gibbet_a_chance, hangedman_decor_peaks_small,
          st_stairs_1, serial_bayou_pond_d, kennysheep_cross_room,
          feat_on_display

Skill      XL: |  1  2  3  4 |
---------------+-------------+-----
Necromancy     | 1 2 3 |  3.0
Long Blades    | 4 5 |  5.8
Fighting       | |  2.0
Dodging        | |  2.1
Spellcasting   | |  2.0
Conjurations   | |  4.0

Action                     |  1- 3 |  4- 6 || total
---------------------------+-------+-------++-------
  Melee: Falchion          |    91 |    35 ||   126
         Kick              |    25 |     7 ||    32
         Peck              |    11 |     3 ||    14
  Throw: Dart              |       |     2 ||     2
   Cast: Kiss of Death     |     1 |       ||     1
         Fugue of the Fall |       |     1 ||     1
    Use: Potion            |       |     1 ||     1
   Stab: Sleeping          |     1 |       ||     1
 Armour: Leather armour    |    25 |    14 ||    39
  Dodge: Dodged            |    50 |    20 ||    70
